 Dungeon Crawl Stone Soup version 0.26-a0-639-g72c4674329 (webtiles) character file.

Game seed: 8281843037913034137

956 Flugslaktarn the Skirmisher (level 8, -10/65 HPs)
             Began as a Formicid Fighter on Sept 21, 2020.
             Was a Follower of Uskayaw.
             Mangled by an orc warrior
             ... wielding a +0 mace
              (13 damage)
             ... on level 5 of the Dungeon.
             The game lasted 00:01:44 (3230 turns).

Flugslaktarn the Skirmisher (Formicid Fighter)      Turns: 3230, Time: 00:01:44

Health: -10/65     AC: 11    Str: 23    XL:     8   Next: 36%
Magic:  10/10      EV:  7    Int:  8    God:    Uskayaw [*.....]
Gold:   141        SH: 10    Dex: 10    Spells: 7/7 levels left

rFire    . . .     SeeInvis +   a - +0 war axe
rCold    . . .     Faith    .   c - +0 kite shield
rNeg     . . .     Spirit   .   f - +0 chain mail
rPois    .         Reflect  .   (helmet unavailable)
rElec    .         Harm     .   (no cloak)
rCorr    .         Rampage  .   m - +0 pair of gloves
MR       .....                  (no boots)
Stlth    ..........             (no amulet)
HPRegen  0.20/turn              (no ring)
MPRegen  0.12/turn              (no ring)

@: no status effects
A: permanent stasis, dig shafts and tunnels, four strong arms, antennae 3
a: Dig, Shaft Self, Stomp, Renounce Religion


You were on level 5 of the Dungeon.
You worshipped Uskayaw.
Uskayaw was noncommittal.
You visited 1 branch of the dungeon, and saw 6 of its levels.

You collected 141 gold pieces.

Inventory:

Hand Weapons
 a - a +0 war axe (weapon)
Armour
 c - a +0 kite shield (worn)
 f - a +0 chain mail (worn)
   (You found it on level 1 of the Dungeon)
 m - a +0 pair of gloves (worn)
   (You found it on level 4 of the Dungeon)
Jewellery
 i - an uncursed amulet of magic regeneration {unknown}
   (You found it on level 3 of the Dungeon)
Scrolls
 h - a scroll of magic mapping
 j - a scroll of enchant armour {unknown}
 k - a scroll of remove curse {unknown}
 l - a scroll of amnesia {unknown}
 n - 2 scrolls of identify {unknown}
 q - a scroll of enchant weapon {unknown}
 t - 2 scrolls of teleportation
Potions
 b - a potion of cancellation {unknown}
 d - 2 potions of might
 e - a potion of lignification {unknown}
 g - 2 potions of heal wounds {unknown}
 o - 2 potions of flight {unknown}
 p - a potion of curing {unknown}


   Skills:
 * Level 6.3 Fighting
 * Level 5.3 Axes
 + Level 5.0 Armour
 + Level 5.5 Shields
 + Level 3.3 Invocations


You had 7 spell levels left.
You didn't know any spells.
Your spell library was empty.

Dungeon Overview and Level Annotations

Branches:
Dungeon (6/15)             Temple (0/1) D:5

Altars:
Dithmenos
Uskayaw
Vehumet
Yredelemnul

Shops:
D:5 [


Innate Abilities, Weirdness & Mutations

You cannot be hasted, slowed, berserked, paralysed or teleported.
You can dig through walls and to a lower floor.
Your four strong arms can wield two-handed weapons with a shield.
You have a pair of large antennae on your head. (SInv)


Message History

The orc warrior is moderately wounded.
The orc warrior hits you with a +0 mace!
You are too injured to fight recklessly!
You are too injured to fight recklessly!
You are too injured to fight recklessly!
You are too injured to fight recklessly!
You are too injured to fight recklessly!
You are too injured to fight recklessly!
You are too injured to fight recklessly!
You are too injured to fight recklessly!
You are too injured to fight recklessly!
You are too injured to fight recklessly!
You closely miss the orc warrior.
The orc warrior is moderately wounded.
The orc warrior hits you with a +0 mace!!
* * * LOW HITPOINT WARNING * * *
You closely miss the orc warrior.
The orc warrior is moderately wounded.
The orc warrior hits you with a +0 mace!
You die...

###..............##............#
#..............###............##
#..............# #.............#
#...........[..# ##............#
#..........)...## #............#
##..............# ##............
#..............# #............ #
##............o## ##.....<....#
## #............@.# #........###
.# ##.............# ##......##
.## ##............# #......##
..# #............# ##......#
..####............## ###......#
...##..#...........###....###.##
..#..######........##...### #..#
##.### ####.#####.#### #### ###
### ###


You could see an orc warrior.

Vanquished Creatures
  Pikel (D:4)
  Duvessa (D:4)
  4 lemures (D:4)
  A bullfrog (D:6)
  Dowan (D:4)
  4 orc wizards
  3 worker ants (D:4)
  A hound skeleton (D:5)
  2 white imps (D:5)
  An ooze (D:5)
  6 worms
  A dart slug (D:4)
  A leopard gecko (D:6)
  13 orcs
  4 giant cockroaches
  4 goblins
  4 hobgoblins
  A quokka (D:3)
  5 bats
  2 frilled lizards
  A kobold (D:2)
  2 rats
  A spectral orc (D:4)
64 creatures vanquished.

Notes
Turn   | Place    | Note
-------+----------+-------------------------------------------
     0 | D:1      | Flugslaktarn the Formicid Fighter began the quest for the
                  | Orb.
     0 | D:1      | Reached XP level 1. HP: 18/18 MP: 1/1
   178 | D:1      | You fall into a shaft and drop 1 floor!
   184 | D:2      | Reached XP level 2. HP: 20/24 MP: 2/2
   329 | D:3      | Reached XP level 3. HP: 26/30 MP: 3/3
   344 | D:3      | Reached skill level 4 in Fighting
   344 | D:3      | Reached XP level 4. HP: 8/37 MP: 4/4
   596 | D:3      | Found a shadowy altar of Dithmenos.
   631 | D:3      | Found a hide-covered altar of Uskayaw.
   650 | D:3      | Became a worshipper of Uskayaw the Reveler
   670 | D:3      | Found a radiant altar of Vehumet.
   731 | D:3      | Reached * piety under Uskayaw
  1087 | D:4      | Reached ** piety under Uskayaw
  1090 | D:4      | Reached XP level 5. HP: 43/43 MP: 5/5
  1141 | D:4      | Noticed a lemure
  1141 | D:4      | Noticed a lemure
  1141 | D:4      | Noticed a lemure
  1168 | D:4      | Killed a lemure
  1194 | D:4      | Killed a lemure
  1198 | D:4      | Killed a lemure
  1374 | D:4      | Noticed a lemure
  1389 | D:4      | Killed a lemure
  1397 | D:4      | Noticed Pikel
  1410 | D:4      | Killed Pikel
  1410 | D:4      | Reached skill level 5 in Fighting
  1410 | D:4      | Reached skill level 5 in Shields
  1410 | D:4      | Reached XP level 6. HP: 18/51 MP: 5/7
  1410 | D:4      | Reached XP level 7. HP: 20/56 MP: 5/8
  1410 | D:4      | Reached *** piety under Uskayaw
  1935 | D:4      | Found a basalt altar of Yredelemnul.
  2336 | D:5      | Entered Level 5 of the Dungeon
  2336 | D:5      | Noticed Duvessa
  2336 | D:5      | Noticed Dowan
  2347 | D:4      | Killed Dowan
  2347 | D:4      | Reached **** piety under Uskayaw
  2353 | D:4      | Killed Duvessa
  2353 | D:4      | Reached skill level 6 in Fighting
  2353 | D:4      | Reached skill level 5 in Axes
  2353 | D:4      | Reached XP level 8. HP: 41/64 MP: 10/10
  2893 | D:5      | Found a staircase to the Ecumenical Temple.
  2904 | D:5      | Found Etit's Antique Armour Boutique.
  3207 | D:6      | Reached skill level 5 in Armour
  3229 | D:5      | HP: 3/65 [orc warrior/+0 mace (18)]
  3230 | D:5      | Mangled by an orc warrior

Illustrated notes

Levels and vault maps discovered:
D:1:      lightli_arrival_lavapool, layout_loops_ring, tso_altar
D:2:      layout_basic, minmay_strange_pillars, minmay_mini_jars
D:3:      layout_rooms, lemuel_doored_altar, minitemple,
          kennysheep_big_empty_room
D:4:      layout_basic, yredelemnul_forgotten_temple_becter, uniq_pikel
D:5:      layout_cave_pods, minmay_temple_entry_statues_pillars, serial_shops,
          shop, hangedman_abyss_or_decor_lesser_grid, uniq_duvessa
D:6:      layout_loops_ring, nicolae_overflow_crystal_walls, old_standard_altar,
          gammafunk_ghost_arena, lemuel_tele_altar

Skill      XL: |  1  2  3  4  5  6  7  8 |
---------------+-------------------------+-----
Fighting       | 4 5 6 |  6.3
Shields        | 4 5 |  5.5
Axes           | 3 4 5 |  5.3
Armour         | 4 5 |  5.0
Invocations    | 2 3 |  3.3

Action                   |  1- 3 |  4- 6 |  7- 9 || total
-------------------------+-------+-------+-------++-------
Melee: War axe           |    36 |   135 |   102 ||   273
  Use: Potion            |       |     1 |       ||     1
       Scroll            |       |       |     2 ||     2
 Stab: Paralysed         |       |       |     9 ||     9
Armor: Chain mail        |    27 |    53 |    40 ||   120
Dodge: Dodged            |    11 |    21 |    25 ||    57
Block: Kite shield       |    22 |    76 |    51 ||   149

Table legend: (Time is in decaauts)
 A = Elapsed time spent in this place.
 B = Non-inter-level travel time spent in this place.
 C = Inter-level travel time spent in this place.
 D = Time resting spent in this place.
 E = Time spent auto-exploring this place.
 F = Levels seen in this place.
 G = Mean time per level.
                   A        B        C        D        E       F      G
               +--------+--------+--------+--------+--------+-----+--------+
         Total |   3331 |   3157 |    174 |    580 |   1966 |   6 |  555.2 |
       Dungeon |   3331 |   3157 |    174 |    580 |   1966 |   6 |  555.2 |
               +--------+--------+--------+--------+--------+-----+--------+

Top non-repeatable levels by time:
     D:4: 1479 daAuts
     D:5: 745 daAuts
     D:3: 602 daAuts
     D:2: 281 daAuts
     D:1: 181 daAuts
     D:6: 40 daAuts
